AoeStats
← dumbcube

Arabia

509494159Analyzed
1v1 RM · 4d ago on Sep 27, 2026· 32m 49s· 2 players
Game mode
Random Map
Map size
Tiny (2 player)
Population
200
Speed
Normal
Resources
Standard
Victory
Conquest
Starting age
Dark Age
Ending age
Imperial Age
RankedLock teamsTeams togetherTeam positionsShared explorationLock speedFull tech treeHidden civsTurbo modeCheats
Victory
Defeat
🇵🇪 Danes · Peru
730
+13
🇺🇸 Saxons · United States
658
-13
dumbcube
7:52 Loom
10:39 Feudal Age
17:10 Double-Bit Axe
18:45 Fletching
18:55 Padded Archer Armor
19:11 Forging
22:29 Horse Collar
22:23 Man-at-Arms
22:50 Arson
29:04 Castle Age
30:05 Pikeman
30:32 Gambesons
31:18 Bodkin Arrow
Lord Kashiri
8:16 Loom
11:06 Feudal Age
11:40 Man-at-Arms
18:14 Castle Age
18:49 Forging
18:45 Scale Barding Armor
18:49 Double-Bit Axe
23:04 Wheelbarrow
22:47 Bow Saw
24:15 Bloodlines
25:16 Iron Casting
25:32 Husbandry
Connection lost

Rejoining the realm…

Still unreachable

The connection could not be restored.

Session expired

The server has moved on; the page needs a fresh start.